 Dungeon Crawl Stone Soup version 0.19.0-20-gbc5f0c6 (webtiles) character file.

3531 Pronetron the Carver (level 9, -1/79 HPs)
             Began as a Minotaur Fighter on Nov 15, 2016.
             Slain by a killer bee (2 damage)
             ... on level 8 of the Dungeon on Nov 18, 2016.
             The game lasted 02:13:07 (6399 turns).

Pronetron the Carver (Minotaur Fighter)             Turns: 6399, Time: 02:13:08

Health: -1/79      AC: 16    Str: 24    XL:     9   Next: 82%
Magic:  8/8        EV:  8    Int:  5    God:
Gold:   244        SH: 12    Dex: 10    Spells: 0 memorised, 8 levels left

rFire  . . .     SeeInvis .     Q - +0 scimitar
rCold  . . .     Gourm    .     H - +0 chain mail
rNeg   . . .     Faith    .     c - +0 shield
rPois  .         Spirit   .     (helmet restricted)
rElec  .         Reflect  .     S - +0 cloak
rCorr  .         Harm     .     (no gloves)
MR     .....     Rnd*Tele +     r - +2 pair of boots
Stlth  ..........               (no amulet)
                                (no ring)
                                j - ring of teleportation

@: lethally poisoned (-1 -> -11), exhausted, slowed, very slow
A: retaliatory headbutt, horns 2
a: no special abilities


You were on level 8 of the Dungeon.
You were not hungry.

You visited 1 branch of the dungeon, and saw 8 of its levels.

You collected 244 gold pieces.

Inventory:

Hand Weapons
 a - a +2 long sword
 h - a +0 dagger
 n - a +0 club
 u - a +0 long sword
 v - a cursed -3 hunting sling
 F - a +1 flail of protection
 Q - a +0 scimitar (weapon)
 U - the +7 great sword of Disembowelment {drain, SInv, unknown}
   (You found it on level 8 of the Dungeon)

   A truly terrible weapon, it drains the life of those it strikes.
   It lets you see invisible.
Missiles
 e - 86 arrows
Armour
 c - a +0 shield (worn)
 r - a +2 pair of boots (worn)
 H - a +0 chain mail (worn)
 S - a +0 cloak (worn)
 T - a +0 pair of gloves
Jewellery
 b - an uncursed amulet of the gourmand {unknown}
 g - an uncursed amulet of magic regeneration {unknown}
 j - a ring of teleportation (left hand)
 A - an uncursed amulet of rage {unknown}
 J - a cursed amulet of inaccuracy {unknown}
 M - an uncursed ring of ice {unknown}
 N - an uncursed amulet of faith {unknown}
Wands
 D - a wand of lightning (8/15)
Scrolls
 i - 2 scrolls of teleportation
 k - 7 scrolls of remove curse
 t - a scroll of fog {unknown}
 z - 3 scrolls of magic mapping
 C - a scroll of blinking
 E - a scroll of recharging {unknown}
 G - a scroll of amnesia {unknown}
 O - 2 scrolls of fear
 R - a scroll of identify
Potions
 d - a potion of might
 l - a potion of lignification
 o - 2 potions of degeneration
 q - a potion of agility
 w - 5 potions of heal wounds
 x - a potion of ambrosia {unknown}
 B - a potion of cancellation {unknown}
 I - a potion of magic {unknown}
 L - a potion of curing {unknown}
 P - a potion of resistance
Books
 y - a book of Minor Magic

   Spells                             Type                      Level
   a - Magic Dart                     Conjuration                  1
   b - Blink                          Translocation                2
   c - Call Imp                       Summoning                    2
   d - Repel Missiles                 Charms/Air                   2
   e - Slow                           Hexes                        2
   f - Conjure Flame                  Conjuration/Fire             3
   g - Mephitic Cloud                 Conjuration/Poison/Air       3
Comestibles
 f - 3 bread rations
 p - 4 meat rations
 s - a beef jerky
 K - a slice of pizza


   Skills:
 + Level 7.4 Fighting
 + Level 10.0 Long Blades
 + Level 8.8 Armour
 + Level 2.5 Dodging
 + Level 1.0 Stealth
 + Level 9.2 Shields


You had 8 spell levels left.
You didn't know any spells.

Dungeon Overview and Level Annotations

Branches:
Dungeon (8/15)             Temple (0/1) D:7
   Lair: D:8-11

Altars:
Ashenzari
Trog
Uskayaw


Innate Abilities, Weirdness & Mutations

You reflexively headbutt those who attack you in melee.
You have a pair of horns on your head.


Message History

* * * LOW HITPOINT WARNING * * *
You feel sick. You block the killer bee's attack.
The killer bee barely misses you.
The killer bee stings you but does no damage.
You miss the killer bee. Your headbutt misses the killer bee.
* * * LOW HITPOINT WARNING * * *
You feel sick.
The killer bee stings you but does no damage. x2
The killer bee barely misses you.
The killer bee stings you but does no damage.
The killer bee stings you.
* * * LOW HITPOINT WARNING * * *
The killer bee stings you but does no damage.
You block the killer bee's attack. The killer bee barely misses you.
The killer bee stings you but does no damage.
The crimson imp blinks!
You closely miss the killer bee. Your headbutt misses the killer bee.
* * * LOW HITPOINT WARNING * * *
You feel sick. The killer bee stings you.
You die...

.......####..###
#..# ......##
##...##..# .......#
###....# # ....#..#
##...## .# ##..##..#
#.....## #... #.##
#.# ##..#.5.##.....
.#
#..###..##yy...<.###
.#
#..#..###y#†.......
#....###y@#y...####
..##.....##y##yy###
.........yyy##.y#
.....####..y##.##
....# ##..##.y ###.
#...#.# . #...#.# .
#..... #......


You could see 9 killer bees and a crimson imp.

Vanquished Creatures
  An unseen horror (D:6)
  A queen bee (D:8)
  Grinder (D:3)
  2 hippogriffs
  Menkaure (D:6)
  Edmund (D:4)
  An ice beast (D:5)
  Duvessa (D:7)
  3 ogres
  2 centaurs
  Blork the orc (D:6)
  A bullfrog (D:6)
  2 scorpions (D:4)
  Dowan (D:7)
  A water moccasin skeleton (D:6)
  6 killer bees (D:8)
  A howler monkey (D:5)
  A bullfrog zombie (D:6)
  A quasit (D:6)
  A crimson imp (D:8)
  2 bullfrog skeletons
  4 hounds
  3 jellies
  5 orc wizards
  Natasha (thrice) (D:3)
  2 worker ants
  A worker ant zombie (D:6)
  9 adders
  An adder skeleton (D:7)
  A worm (D:3)
  A dart slug (D:1)
  2 leopard geckos (D:4)
  8 orcs
  5 bats
  5 goblins
  7 hobgoblins
  6 jackals
  4 kobolds
  7 quokkas
  A ball python (D:6)
  3 frilled lizards
  4 rats
114 creatures vanquished.

Notes
Turn   | Place    | Note
-------+----------+-------------------------------------------
     0 | D:1      | Pronetron the Minotaur Fighter began the quest for the Orb.
     0 | D:1      | Reached XP level 1. HP: 19/19 MP: 0/0
   306 | D:1      | Reached XP level 2. HP: 27/27 MP: 1/1
   942 | D:2      | Reached XP level 3. HP: 13/33 MP: 2/2
  1199 | D:2      | Noticed Natasha
  1236 | D:2      | HP: 1/33 [Natasha (2)]
  1244 | D:3      | Killed Natasha
  1244 | D:3      | Reached XP level 4. HP: 3/40 MP: 3/3
  1339 | D:3      | Noticed Natasha
  1347 | D:3      | Killed Natasha
  1347 | D:3      | Reached skill level 3 in Long Blades
  1587 | D:3      | Noticed Natasha
  1598 | D:3      | Killed Natasha
  1598 | D:3      | Reached XP level 5. HP: 33/46 MP: 4/4
  1788 | D:3      | Noticed Grinder
  1809 | D:3      | Paralysed by Grinder for 4 turns
  1825 | D:3      | Paralysed by Grinder for 5 turns
  1830 | D:3      | Killed Grinder
  1830 | D:3      | Reached skill level 4 in Long Blades
  1830 | D:3      | Reached skill level 5 in Armour
  1830 | D:3      | Reached skill level 1 in Dodging
  1830 | D:3      | Reached skill level 5 in Shields
  1830 | D:3      | Reached XP level 6. HP: 26/53 MP: 5/5
  2150 | D:3      | Found a hide-covered altar of Uskayaw.
  2348 | D:4      | Noticed Edmund
  2360 | D:4      | Killed Edmund
  2360 | D:4      | Reached skill level 5 in Long Blades
  2360 | D:4      | Reached XP level 7. HP: 29/60 MP: 6/6
  2433 | D:4      | Found a glowing drain.
  3050 | D:4      | Reached skill level 5 in Fighting
  3190 | D:5      | Entered Level 5 of the Dungeon
  3352 | D:5      | Reached skill level 6 in Long Blades
  3689 | D:5      | Reached XP level 8. HP: 68/68 MP: 7/7
  4175 | D:5      | Upgraded the game from 0.19.0-19-g8c6edcc to 0.19.0-20-gbc5f0c6
  4207 | D:5      | Reached skill level 7 in Long Blades
  4383 | D:6      | Noticed Menkaure
  4393 | D:6      | Killed Menkaure
  4437 | D:6      | Reached skill level 1 in Stealth
  4541 | D:6      | Noticed Blork the orc
  4560 | D:6      | Killed Blork the orc
  4652 | D:6      | Reached skill level 8 in Long Blades
  4767 | D:6      | Killed an unseen horror
  4767 | D:6      | Reached skill level 9 in Long Blades
  4767 | D:6      | Reached XP level 9. HP: 42/78 MP: 8/8
  5138 | D:7      | Found a staircase to the Ecumenical Temple.
  5254 | D:7      | Noticed Duvessa
  5254 | D:7      | Noticed Dowan
  5275 | D:7      | Killed Duvessa
  5282 | D:7      | Killed Dowan
  5994 | D:7      | Found a bloodstained altar of Trog.
  5994 | D:7      | Found a faded altar of an unknown god.
  5999 | D:7      | Found a faded altar of an unknown god.
  6001 | D:7      | Found a shattered altar of Ashenzari.
  6002 | D:7      | Found a faded altar of an unknown god.
  6351 | D:8      | Got a crude great sword
  6360 | D:8      | Noticed a queen bee
  6388 | D:8      | Killed a queen bee
  6388 | D:8      | Reached skill level 10 in Long Blades
  6398 | D:8      | HP: 3/79 [poisoned by a killer bee]
  6399 | D:8      | HP: 1/79 [poisoned by a killer bee]
  6399 | D:8      | Slain by a killer bee

Skill      XL: |  1  2  3  4  5  6  7  8  9 |
---------------+----------------------------+-----
Armour         | 4 5 6 7 8 |  8.8
Shields        | 4 5 6 8 9 |  9.2
Fighting       | 4 5 6 7 |  7.4
Long Blades    | 3 4 5 6 9 10 | 10.0
Dodging        | 1 2 |  2.5
Stealth        | 1 |  1.0

Action                   |  1- 3 |  4- 6 |  7- 9 || total
-------------------------+-------+-------+-------++-------
Melee: Long sword        |    73 |    72 |   219 ||   364
       Headbutt          |     9 |    11 |    61 ||    81
       Scimitar          |       |       |    59 ||    59
  Use: Potion            |     1 |       |     1 ||     2
       Scroll            |     3 |     2 |    12 ||    17
  Eat: Chunk             |     1 |       |       ||     1
       Bread ration      |       |     1 |     3 ||     4
       Pizza             |       |       |     1 ||     1
Armor: Scale mail        |    40 |    19 |       ||    59
       Ring mail         |       |     2 |     3 ||     5
       Skin              |       |     1 |       ||     1
       Chain mail        |       |       |   175 ||   175
Dodge: Dodged            |    21 |    22 |    81 ||   124
Block: Shield            |    52 |    40 |   187 ||   279
       Rpst.: Long sword |     6 |     5 |    16 ||    27
       Scimitar          |       |       |     7 ||     7
